 Dungeon Crawl Stone Soup version 0.19.5 (webtiles) character file.

6715 Rikke the Cleaver (level 10, 0/91 HPs)
             Began as a Deep Dwarf Fighter on Mar 31, 2017.
             Was a Follower of Elyvilon.
             Slain by Snorg (11 damage)
             ... on level 10 of the Dungeon.
             The game lasted 02:00:33 (8497 turns).

Rikke the Cleaver (Deep Dwarf Fighter)              Turns: 8497, Time: 02:00:38

Health: 0/91       AC: 16    Str: 24    XL:     10   Next: 74%
Magic:  2/8        EV:  8    Int:  8    God:    Elyvilon [*.....]
Gold:   584        SH: 12    Dex: 14    Spells: 1 memorised, 5 levels left

rFire  . . .     SeeInvis .     a - +0 war axe
rCold  + . .     Gourm    .     v - +1 plate armour
rNeg   . . .     Faith    .     c - +0 shield
rPois  .         Spirit   .     (no helmet)
rElec  .         Reflect  .     (no cloak)
rCorr  .         Harm     .     (no gloves)
MR     +....                    r - +0 pair of boots
Stlth  ..........               b - amulet of regeneration
                                (no ring)
                                i - ring of protection from cold

@: non-regenerating
A: damage resistance, recharge devices, agile 1, sense surroundings 2, slow
regeneration 3
a: Device Recharging, Lesser Healing, Divine Protection, Renounce Religion


You were on level 10 of the Dungeon.
You worshipped Elyvilon.
Elyvilon was aware of your devotion.
You were very hungry.

You visited 2 branches of the dungeon, and saw 12 of its levels.

You collected 584 gold pieces.

Inventory:

Hand Weapons
 a - a +0 war axe (weapon)
 H - a +1 hunting sling of flaming
 N - a +4 trident
 O - a +0 shortbow
Missiles
 g - 6 tomahawks
 l - 385 stones
 o - 217 arrows
 q - 7 javelins of returning (quivered)
 s - 44 poisoned needles
 y - 36 bolts
Armour
 c - a +0 shield (worn)
 r - a +0 pair of boots (worn)
 v - a +1 plate armour (worn)
 B - a +2 scale mail
 U - a cursed +0 scale mail
 Y - a +1 cloak
Magical Staves
 G - an uncursed staff of cold {unknown}
Jewellery
 b - an amulet of regeneration (around neck)
 i - a ring of protection from cold (left hand)
 x - an uncursed amulet of magic regeneration
 J - a +2 ring of protection {unknown}
 L - an uncursed amulet of guardian spirit {unknown}
 W - an uncursed amulet of guardian spirit {unknown}
Wands
 e - a wand of heal wounds (1/9)
 p - a wand of paralysis (14/24)
 R - a wand of flame (16/48)
 S - a wand of lightning (6/15)
 T - a wand of flame (8/48)
 V - a wand of flame (27/48)
 X - a wand of enslavement (10/24)
Scrolls
 n - 7 scrolls of remove curse
 t - 2 scrolls of fog
 u - 3 scrolls of magic mapping
 D - 5 scrolls of amnesia
 M - a scroll of enchant weapon {unknown}
 P - a scroll of holy word {unknown}
Potions
 d - a potion of might
 h - a potion of heal wounds
 w - 5 potions of degeneration
 z - a potion of mutation
 A - a potion of beneficial mutation
 C - a potion of lignification
 E - a potion of curing
 F - a potion of cure mutation {unknown}
 I - a potion of magic {unknown}
 Q - a potion of flight {unknown}
 Z - 2 potions of brilliance {unknown}
Books
 k - a book of Frost

   Spells                             Type                      Level
   a - Freeze                         Ice                          1
   b - Throw Frost                    Conjuration/Ice              2
   c - Ozocubu's Armour               Charms/Ice                   3
   d - Throw Icicle                   Conjuration/Ice              4
   e - Summon Ice Beast               Ice/Summoning                4
Comestibles
 j - a slice of pizza
 m - 29 fruits
 K - a beef jerky


   Skills:
 + Level 5.8 Fighting
 + Level 10.8 Axes
 + Level 1.0 Throwing
 + Level 8.0 Armour
 + Level 3.6 Dodging
 + Level 1.0 Stealth
 + Level 10.1 Shields
 + Level 2.7 Invocations
 + Level 2.2 Evocations


You had 5 spell levels left.
You knew the following spells:

 Your Spells              Type           Power        Failure   Level  Hunger
a - Summon Ice Beast      Ice/Summ       #.......     100%        4    #####..


Dungeon Overview and Level Annotations

Branches:
Dungeon (11/15)            Temple (1/1) D:7
   Lair: D:8-11         Orc: D:9-12

Altars:
Ashenzari
Cheibriados
Dithmenos
Elyvilon
Fedhas
Gozag
Hepliaklqana
Kikubaaqudgha
Makhleb
Nemelex Xobeh
Okawaru
Qazlal
Ru
Sif Muna
Trog
Uskayaw
Vehumet
Xom
Yredelemnul
Zin
The Shining One

Annotations:
D:10 Snorg


Innate Abilities, Weirdness & Mutations

You are resistant to damage.
You can recharge devices by infusing magical energy.
You passively map the area around you.
You do not regenerate.
You are agile. (Dex +2)


Message History

Snorg closely misses you. You block Snorg's attack.
Snorg claws you but does no damage.
You are healed.
You are feeling very hungry.
You block Snorg's attack. Snorg claws you but does no damage. Snorg claws you.
* * * LOW HITPOINT WARNING * * *
Snorg bites you but does no damage. Snorg claws you.
Snorg claws you but does no damage.
You are healed.
You feel somewhat more hungry. Snorg bites you!!
* * * LOW HITPOINT WARNING * * *
Snorg closely misses you. Snorg claws you.
Zapping:
e - a wand of heal wounds (2/9)
Press: ? - help, Shift-Dir - straight line, f - you You feel much better.
This wand has 1 charge left.
Snorg bites you!
* * * LOW HITPOINT WARNING * * *
You block Snorg's attack. Snorg claws you but does no damage.
Snorg bites you but does no damage. Snorg claws you!
* * * LOW HITPOINT WARNING * * *
Snorg claws you!
You die...

#.##....... .....#
#.. #.#....#.#
.#..#.**#..
#.#..>...##.#.. *
...
#.#....###.....*. ,
##.#.........##...
, *
#....###..........
*
#..####..###.#....,
#### #..## .... , ,
#@#####..#...
###.T.)........ ,
#....######..#.
###### * * *


You could see Snorg (berserk).

Vanquished Creatures
  Josephine (D:10)
  Maurice (D:9)
  Joseph (D:9)
  A gargoyle (D:8)
  A komodo dragon (D:11)
  A hippogriff (D:9)
  A wraith (D:11)
  A soldier ant (D:11)
  A water moccasin (D:10)
  Duvessa (D:5)
  2 ice beasts
  3 orc warriors
  4 phantoms
  4 sky beasts
  2 black bears (D:9)
  2 centaurs
  An ogre (D:9)
  3 bullfrogs
  A big kobold (D:8)
  3 scorpions
  Dowan (D:5)
  8 killer bees
  3 howler monkeys
  2 crimson imps
  A centaur zombie (D:6)
  2 quasits
  A bullfrog zombie (D:5)
  A jelly (D:6)
  2 orc priests
  A bullfrog skeleton (D:5)
  A centaur skeleton (D:8)
  A gnoll shaman (D:9)
  7 hounds
  11 orc wizards
  4 iguanas
  6 worker ants
  A hound skeleton (D:5)
  6 gnolls
  14 adders
  4 shadow imps
  2 oozes
  3 adder skeletons
  3 worms
  4 dart slugs
  10 leopard geckos
  29 orcs
  5 bats
  2 giant cockroaches
  20 goblins
  9 hobgoblins
  7 jackals
  3 quokkas
  5 frilled lizards
  6 kobolds
  A quokka skeleton (D:5)
  A quokka zombie (D:5)
  12 rats
  6 plants (D:2)
240 creatures vanquished.

Vanquished Creatures (others)
  An orc wizard (D:5)
1 creature vanquished.

Grand Total: 241 creatures vanquished

Notes
Turn   | Place    | Note
-------+----------+-------------------------------------------
     0 | D:1      | Rikke the Deep Dwarf Fighter began the quest for the Orb.
     0 | D:1      | Reached XP level 1. HP: 20/20 MP: 1/1
   177 | D:1      | Reached XP level 2. HP: 24/27 MP: 2/2
   476 | D:1      | Reached XP level 3. HP: 26/34 MP: 3/3
  1467 | D:2      | Reached XP level 4. HP: 40/42 MP: 4/4
  1952 | D:3      | Gained mutation: You are agile. (Dex +2) [potion of beneficial mutation]
  2367 | D:3      | Reached XP level 5. HP: 24/49 MP: 5/5
  3292 | D:4      | Reached XP level 6. HP: 40/56 MP: 5/5
  3366 | D:4      | Reached skill level 5 in Axes
  3813 | D:5      | Entered Level 5 of the Dungeon
  3851 | D:5      | Reached skill level 1 in Evocations
  3871 | D:5      | Noticed Dowan
  3872 | D:5      | Noticed Duvessa
  4030 | D:5      | Noticed a sky beast
  4043 | D:5      | Reached skill level 5 in Shields
  4062 | D:5      | Killed a sky beast
  4062 | D:5      | Reached skill level 1 in Dodging
  4062 | D:5      | Reached XP level 7. HP: 50/62 MP: 6/6
  4185 | D:5      | Found a burning altar of Makhleb.
  4229 | D:5      | Killed Dowan
  4241 | D:5      | Killed Duvessa
  4723 | D:6      | Reached skill level 5 in Armour
  4723 | D:6      | Reached XP level 8. HP: 47/72 MP: 7/7
  5587 | D:6      | Gained mutation: You passively map the area around you. [Deep Dwarf growth]
  5587 | D:6      | Reached XP level 9. HP: 62/79 MP: 8/8
  5996 | D:7      | Found a staircase to the Ecumenical Temple.
  6041 | Temple   | Entered the Ecumenical Temple
  6112 | Temple   | Became a worshipper of Elyvilon the Healer
  6185 | D:7      | Fell from the grace of Elyvilon
  6277 | Temple   | Became a worshipper of Elyvilon the Healer
  6961 | D:8      | Noticed a gargoyle
  6973 | D:8      | Killed a gargoyle
  7127 | D:8      | Reached * piety under Elyvilon
  7138 | D:8      | Reached skill level 1 in Stealth
  7460 | D:9      | Noticed Joseph
  7499 | D:9      | Reached skill level 5 in Fighting
  7523 | D:9      | Killed Joseph
  7523 | D:9      | Reached XP level 10. HP: 31/88 MP: 7/7
  7533 | D:9      | Reached skill level 1 in Throwing
  7831 | D:9      | Noticed Maurice
  7878 | D:9      | Killed Maurice
  7878 | D:9      | Reached skill level 10 in Axes
  7977 | D:9      | Reached skill level 1 in Invocations
  8098 | D:10     | Entered Level 10 of the Dungeon
  8184 | D:10     | Reached ** piety under Elyvilon
  8211 | D:10     | Learned a level 4 spell: Summon Ice Beast
  8283 | D:10     | You fall through a shaft!
  8445 | D:10     | Noticed Snorg
  8452 | D:10     | Noticed Josephine
  8479 | D:10     | Killed Josephine
  8479 | D:10     | Reached skill level 10 in Shields
  8497 | D:10     | Slain by Snorg

Skill      XL: |  1  2  3  4  5  6  7  8  9 10 |
---------------+-------------------------------+-----
Fighting       | 3 4 5 |  5.8
Axes           | 3 4 5 6 8 9 10 | 10.8
Shields        | 4 5 6 7 9 10 | 10.1
Armour         | 4 5 6 7 8 |  8.0
Evocations     | 1 2 |  2.2
Dodging        | 1 2 3 |  3.6
Stealth        | 1 |  1.0
Throwing       | 1 |  1.0
Invocations    | 2 |  2.7

Action                   |  1- 3 |  4- 6 |  7- 9 | 10-12 || total
-------------------------+-------+-------+-------+-------++-------
Melee: War axe           |   218 |   288 |   453 |   147 ||  1106
       Hand axe          |    55 |       |       |       ||    55
Throw: Tomahawk          |       |       |    11 |     1 ||    12
       Javelin           |       |       |    10 |       ||    10
       Stone             |       |       |       |     4 ||     4
Invok: Renounce Religion |       |       |     1 |       ||     1
       Lesser Healing    |       |       |       |    29 ||    29
 Abil: Device Recharging |       |     1 |     3 |       ||     4
Evoke: Wand              |     1 |     9 |    18 |     5 ||    33
  Use: Scroll            |     6 |    13 |     4 |     1 ||    24
       Potion            |       |     1 |     5 |     1 ||     7
  Eat: Bread ration      |     1 |     1 |     3 |     1 ||     6
       Beef jerky        |       |     1 |       |     1 ||     2
       Fruit             |       |     1 |       |       ||     1
Armor: Scale mail        |    63 |   206 |    70 |       ||   339
       Plate armour      |       |       |   253 |   162 ||   415
       Skin              |       |       |    46 |       ||    46
Dodge: Dodged            |    44 |   118 |   177 |    78 ||   417
Block: Shield            |    80 |   240 |   379 |   157 ||   856
